 Dungeon Crawl Stone Soup version 0.28.0 (webtiles) character file.

Game seed: 2775454962135879826

140 zazu2006 the Magician (level 5, -12/43 HPs)
             Began as a Naga Hedge Wizard on Feb 8, 2022.
             Mangled by a wyvern skeleton (13 damage)
             ... on level 3 of the Dungeon.
             The game lasted 00:06:25 (3313 turns).

zazu2006 the Magician (Naga Hedge Wizard)           Turns: 3313, Time: 00:06:26

Health: -12/43     AC:  2    Str: 12    XL:     5   Next: 22%
Magic:  6/11       EV: 10    Int: 15    God:
Gold:   88         SH:  0    Dex: 10    Spells: 3/12 levels left

rFire   + . .      SeeInvis +   k - +2 dagger (venom)
rCold   + . .      Faith    .   a - orb {mayhem}
rNeg    . . .      Spirit   .   b - +0 robe
rPois   +          Reflect  .   c - +0 hat
rElec   +          Harm     .   (no cloak)
rCorr   +          Rampage  .   (no gloves)
Will    ++...                   (no barding)
Stlth   ++........              (no amulet)
HPRegen 0.14/turn               (no ring)
MPRegen 0.12/turn               (no ring)

@: about to teleport, resistant, attractive, flying, very slow
A: AC +1, large, see invisible, deformed body, poison resistance, slowness 2,
spit poison 1, naga tail 1, dopey 1, strong-willed 2
a: Spit Poison


You were on level 3 of the Dungeon.
You visited 1 branch of the dungeon, and saw 3 of its levels.

You collected 88 gold pieces.

Inventory:

Hand Weapons
 k - a +2 dagger of venom (weapon)
Armour
 a - an orb of mayhem (worn)
 b - a +0 robe (worn)
 c - a +0 hat (worn)
Jewellery
 f - a +4 ring of evasion
Wands
 n - a wand of polymorph (9)
Scrolls
 d - 6 scrolls of identify {unknown}
 h - 2 scrolls of teleportation
 i - a scroll of summoning {unknown}


   Skills:
 + Level 0.8 Fighting
 + Level 2.0 Dodging
 + Level 4.3 Stealth
 + Level 4.4 Spellcasting
 + Level 1.7 Conjurations
 + Level 1.0 Summonings
 + Level 1.0 Translocations


You had 3 spell levels left.
You knew the following spells:

 Your Spells              Type           Power      Damage    Failure   Level
a - Magic Dart            Conj           32%        1d4       9%          1
b - Mephitic Cloud        Conj/Pois/Air  5%         N/A       38%         3
c - Conjure Flame         Conj/Fire      5%         6-21      36%         3
d - Blink                 Tloc           12%        N/A       17%         2

Your spell library contained the following spells:

 Spells                   Type           Power      Damage    Failure   Level
 Slow                     Hex            12%        N/A       17%         1
 Call Imp                 Summ           6%         N/A       17%         2
 Sublimation of Blood     Necr           3%         N/A       26%         2
 Wereblood                Tmut           3%         N/A       26%         2
 Summon Hydra             Summ           3%         N/A       100%        7


Dungeon Overview and Level Annotations

Branches:
Dungeon (3/15)

Altars:
Gozag


Innate Abilities, Weirdness & Mutations

Your serpentine skin is tough. (AC +1)
You have supernaturally acute eyesight. (SInv)
Armour fits poorly on your strangely shaped body.
Your system is resistant to poisons. (rPois)
You cover ground very slowly.
You can spit poison.
You have a snake-like lower body.
You are dopey. (Int -2)
You are highly strong-willed. (Will++)


Message History

Aiming: Magic Dart (safe; 8% risk of failure)
Press: ? - help, Shift-Dir - straight line, f/p - wyvern skeleton
Aim: a wyvern skeleton (lightly damaged, 100% to hit)
The magic dart hits the wyvern skeleton.
The wyvern skeleton is moderately damaged.
Okay, then.
The wyvern skeleton bites you. The wyvern skeleton barely misses you.
You barely miss the wyvern skeleton.
The wyvern skeleton is moderately damaged.
The wyvern skeleton misses you.
You barely miss the wyvern skeleton.
The wyvern skeleton is moderately damaged.
The wyvern skeleton bites you!
You hit the wyvern skeleton.
The wyvern skeleton is moderately damaged.
The wyvern skeleton bites you. The wyvern skeleton barely misses you.
It was a potion of attraction.
You feel attractive to monsters. The wyvern skeleton bites you!
* * * LOW HITPOINT WARNING * * *
It was a potion of mutation.
You feel extremely strange.
You feel strong-willed.
You feel stupid.
You feel more strong-willed. The wyvern skeleton bites you!
* * * LOW HITPOINT WARNING * * *
It was a potion of resistance.
You feel protected. The wyvern skeleton misses you.
The wyvern skeleton closely misses you.
It was a potion of curing.
You feel better. The wyvern skeleton bites you.
* * * LOW HITPOINT WARNING * * *
You feel better. The wyvern skeleton bites you!
* * * LOW HITPOINT WARNING * * *
It was a potion of flight.
You feel very buoyant.
You fly up into the air.
The wyvern skeleton bites you!
* * * LOW HITPOINT WARNING * * *
Okay, then.
As you read the scroll labelled ROSESACKYLL, it crumbles to dust.
You feel strangely unstable.
It was a scroll of teleportation.
The wyvern skeleton bites you!
You die...

.........# ....####.#
#....# #.#.# #.# #....#
..#.# #.# #....#
....####.#######....#
....##............).#
#..>##..............#
#.####..........Z...#
..# #..........@...###
######).....).........#
.....#........†..#..#.#
.....#...........#..#
.....#...........# .#
.....#...........####.#
.....#................#
######..........#######
############


You could see a wyvern skeleton.

Vanquished Creatures
  Ijyb (D:3)
  Terence (D:3)
  3 adders (D:2)
  A worm (D:3)
  A dart slug (D:1)
  3 bats (D:3)
  2 endoplasms (D:1)
  4 giant cockroaches
  6 hobgoblins
  8 jackals
  2 quokkas (D:1)
  5 ball pythons
  6 frilled lizards
  3 goblins
  8 kobolds
  2 rats
56 creatures vanquished.

Notes
Turn   | Place    | Note
-------+----------+-------------------------------------------
     0 | D:1      | zazu2006 the Naga Hedge Wizard began the quest for the Orb.
     0 | D:1      | Reached XP level 1. HP: 15/15 MP: 4/4
   432 | D:1      | Reached XP level 2. HP: 22/22 MP: 0/6
  1310 | D:2      | Reached XP level 3. HP: 28/28 MP: 6/8
  2192 | D:2      | Found a faded altar of an unknown god.
  2335 | D:2      | Reached XP level 4. HP: 37/37 MP: 7/10
  2376 | D:2      | Learned a level 3 spell: Mephitic Cloud
  2380 | D:2      | Learned a level 3 spell: Conjure Flame
  2383 | D:2      | Learned a level 2 spell: Blink
  2585 | D:3      | Found an opulent altar of Gozag.
  2878 | D:3      | Noticed Terence
  2892 | D:3      | Killed Terence
  3006 | D:3      | Noticed Ijyb
  3023 | D:3      | Killed Ijyb
  3024 | D:3      | Reached XP level 5. HP: 43/43 MP: 11/11
  3308 | D:3      | Gained mutation: You are strong-willed. (Will+) [potion of
                  | mutation]
  3308 | D:3      | Gained mutation: You are dopey. (Int -2) [potion of
                  | mutation]
  3308 | D:3      | Gained mutation: You are highly strong-willed. (Will++)
                  | [potion of mutation]
  3312 | D:3      | HP: 1/43 [wyvern skeleton (7)]
  3313 | D:3      | Mangled by a wyvern skeleton

Illustrated notes

Levels and vault maps discovered:
D:1:      wander_arrival_lonely_grave, layout_rooms,
          hangedman_decor_diamond_cutter
D:2:      layout_loops_ring, hellmonk_ecumenical_altar_dog_temple
D:3:      layout_basic, mainiacjoe_overflow_brackets, nicolae_ru_path_of_blood,
          chequers_decorated_corner, uniq_ijyb, uniq_terence

Skill      XL: |  1  2  3  4 |
---------------+-------------+-----
Spellcasting   | 4 |  4.4
Dodging        | 2 |  2.0
Stealth        | 4 |  4.3
Fighting       | |  0.8
Conjurations   | |  1.7
Summonings     | |  1.0
Translocations | |  1.0

Action                   |  1- 3 |  4- 6 || total
-------------------------+-------+-------++-------
Melee: Dagger            |    33 |    15 ||    48
       Unarmed           |       |    11 ||    11
 Cast: Magic Dart        |    86 |    52 ||   138
       Mephitic Cloud    |       |     1 ||     1
 Abil: Spit Poison       |    16 |     4 ||    20
  Use: Potion            |       |     6 ||     6
       Scroll            |       |     1 ||     1
Armor: Robe              |     9 |     2 ||    11
       Skin              |       |     1 ||     1
Dodge: Dodged            |    46 |    29 ||    75
